 Dungeon Crawl Stone Soup version 0.19.0-17-g07987d3 (webtiles) character file.

15698 Leszczynek the Basher (level 12, -9/109 HPs)
             Began as a Tengu Arcane Marksman on Nov 11, 2016.
             Was a Believer of Uskayaw.
             Mangled by a large abomination (11 damage)
             ... on level 2 of the Abyss.
             The game lasted 00:50:02 (18112 turns).

Leszczynek the Basher (Tengu Arcane Marksman)      Turns: 18112, Time: 00:50:03

Health: -9/109     AC: 26    Str: 21    XL:     12   Next: 29%
Magic:  0/17       EV:  2    Int: 13    God:    Uskayaw [**....]
Gold:   690        SH:  5    Dex: 15    Spells: 2 memorised, 10 levels left

rFire  . . .     SeeInvis +     a - +3 morningstar
rCold  . . .     Gourm    .     (armour currently unavailable)
rNeg   + + +     Faith    .     A - +0 buckler
rPois  +         Spirit   +     (helmet currently unavailable)
rElec  .         Reflect  .     (cloak currently unavailable)
rCorr  .         Harm     .     (gloves currently unavailable)
MR     .....     NoTele   +     (boots unavailable)
Stlth  +.........               q - amulet of guardian spirit
                                L - +5 ring of strength
                                I - ring of see invisible

@: tree-form, very slightly contaminated, non-regenerating, diseased, hasted,
wreathed by umbra, heavily drained, very quick
A: (beak), (talons 0), able to fly 1
a: Fly, Stomp, Line Pass, Renounce Religion


You were on level 2 of the Abyss.
You worshipped Uskayaw.
Uskayaw was noncommittal.
You were hungry.
You were a tree.
You visited 4 branches of the dungeon, and saw 16 of its levels.
You visited the Abyss 1 time.

You collected 826 gold pieces.
You spent 136 gold pieces at shops.

Inventory:

Hand Weapons
 a - a +3 morningstar (weapon)
 s - a +2 flail of crushing
Missiles
 z - 2 javelins of returning (quivered)
 D - 8 tomahawks
Armour
 b - a +1 ring mail
 f - the +1 leather armour of Xodarumana (melded) {rF+ Dex+5}
   (You found it on level 1 of the Lair of Beasts)

   It affects your dexterity (+5).
   It protects you from fire.
 h - a +2 pair of gloves (melded)
 A - a +0 buckler (worn)
Jewellery
 q - an amulet of guardian spirit (around neck)
 I - a ring of see invisible (left branch)
 L - a +5 ring of strength (right branch)
Wands
 m - a wand of disintegration (0/24)
 n - a wand of lightning (0/15)
 C - a wand of random effects (15/48)
 G - a wand of iceblast (0/15)
 H - a wand of disintegration (18/24)
 P - a wand of random effects (32/48)
Scrolls
 g - a scroll of remove curse
 k - a scroll of enchant armour
 o - 2 scrolls of recharging
 r - 4 scrolls of fog
 M - 3 scrolls of identify
Potions
 e - a potion of curing
 j - 3 potions of heal wounds
 l - a potion of cancellation
 t - 2 potions of agility
 w - 2 potions of invisibility
 x - 4 potions of brilliance
 N - a potion of flight
Books
 c - a book of Debilitation

   Spells                             Type                      Level
   a - Corona                         Hexes                        1
   b - Slow                           Hexes                        2
   c - Gell's Gravitas                Hexes/Translocation          3
   d - Inner Flame                    Hexes/Fire                   3
   e - Cause Fear                     Hexes                        4
   f - Leda's Liquefaction            Hexes/Earth                  4
 v - a book of Enchantments

   Spells                             Type                      Level
   a - Cause Fear                     Hexes                        4
   b - Yara's Violent Unravelling     Hexes/Transmutation          5
   c - Silence                        Hexes/Air                    5
   d - Deflect Missiles               Charms/Air                   6
   e - Discord                        Hexes                        8
Comestibles
 d - 9 bread rations
 i - 8 beef jerkies
 p - 10 meat rations
 u - 5 slices of pizza


   Skills:
 - Level 8.0(6.7) Fighting
 * Level 14.4(12.9) Maces & Flails
   Level 2.1(1.1) Bows
 + Level 3.1(1.9) Armour
 - Level 8.5(7.2) Dodging
 - Level 4.2(3.1) Shields
 - Level 2.7(1.6) Unarmed Combat
 - Level 1.0(0.0) Spellcasting
 - Level 2.2(1.1) Hexes
 + Level 5.8(4.6) Invocations


You had 10 spell levels left.
You knew the following spells:

 Your Spells              Type           Power        Failure   Level  Hunger
a - Corona                Hex            #......      24%         1    ##.....
b - Slow                  Hex            #.......     34%         2    ###....


Dungeon Overview and Level Annotations

Branches:
Dungeon (12/15)            Temple (1/1) D:5            Lair (2/6) D:8
    Orc (1/2) D:10
  Swamp: Lair:2-4    Shoals: Lair:2-4     Snake: Lair:2-4    Spider: Lair:2-4

Altars:
Ashenzari
Cheibriados
Dithmenos
Fedhas
Gozag
Hepliaklqana
Kikubaaqudgha
Makhleb
Nemelex Xobeh
Okawaru
Qazlal
Ru
Sif Muna
Trog
Uskayaw
Vehumet
Xom
Yredelemnul
Zin
The Shining One

Shops:
D:8 ?   D:12 :

Annotations:
D:2 Terence
D:4 Haldmier's ghost, amateur HaSu
D:5 Grinder; Haldmier's ghost, amateur HOGl
D:9 unseen horror
D:10 exclusions: door and 4 more exclusions
D:12 3 skeletal warriors
Lair:2 exclusion: 3 doors, Urug


Innate Abilities, Weirdness & Mutations

((You have a beak for a mouth.))
((You have claws for feet.))
You can fly.


Message History

The profane servitor hits you but does no damage.
You block the large abomination's attack.
Unknown command.
The guardian serpent shouts!
You hit the profane servitor but do no damage.
The profane servitor is moderately damaged.
The profane servitor hits you with a demon whip of draining!
* * * LOW HITPOINT WARNING * * *
You block the profane servitor's attack.
Unknown command.
You closely miss the profane servitor.
The profane servitor is moderately damaged.
The profane servitor hits you with a demon whip of draining!
* * * LOW HITPOINT WARNING * * *
The profane servitor hits you but does no damage.
Unknown command.
You completely miss the profane servitor.
The profane servitor is moderately damaged.
The large abomination hits you!
You die...

#X## .####. ... #
. #..## #. #.. .
###. #. ##.## .
.. # ##. ...# .
..S# #...# # .##
# ... . #
####.S#. # # . ..
#...#..# . .# #..
#.#....###..#.# #
. § .
####xA♣.....# ##
##.....#X#.#..#..
##. .
##########.# ## .
... # . # .#. . .
# .# # . . . x #
# #. # . # .


You could see a profane servitor, an ancient zyme, a large abomination and a
guardian serpent.

Vanquished Creatures
  2 unseen horrors
  A hill giant (D:11)
  Pikel (D:5)
  2 centaur zombies (D:12)
  4 spiny frogs (Lair:1)
  3 komodo dragons
  An ancient zyme (Abyss:2)
  A troll (D:10)
  3 hippogriffs
  An ettin zombie (Abyss:2)
  A shadow (D:11)
  17 yaks
  3 wyverns
  4 hogs
  A human (D:7)
  2 hungry ghosts
  A steam dragon (D:9)
  2 insubstantial wisps (D:9)
  2 water moccasins
  A hornet zombie (D:10)
  5 porcupines
  3 orc warriors
  7 sky beasts
  A black bear (D:7)
  2 ice beasts
  3 slaves
  2 phantoms
  5 ogres
  A crocodile (Lair:1)
  3 centaurs
  11 bullfrogs
  A water moccasin skeleton (D:4)
  11 wights
  6 killer bees (D:10)
  A howler monkey (D:6)
  2 crimson imps (D:5)
  A bullfrog zombie (D:6)
  A quasit (D:11)
  A bullfrog skeleton (D:11)
  A gnoll shaman (D:6)
  12 hounds
  A centaur skeleton (D:11)
  4 orc priests
  4 jellies
  5 orc wizards
  4 iguanas
  10 worker ants
  A hound zombie (D:8)
  2 hound skeletons
  A howler monkey skeleton (D:8)
  A worker ant zombie (D:6)
  4 adders
  5 gnolls
  A shadow imp (D:6)
  4 oozes
  An adder skeleton (D:4)
  3 adder zombies
  2 worms
  2 dart slugs
  3 leopard geckos
  25 orcs
  3 ball pythons (D:1)
  2 giant cockroaches
  9 goblins
  13 hobgoblins
  2 jackals
  6 kobolds
  5 quokkas
  9 bats
  3 frilled lizards
  A quokka zombie (D:5)
  7 rats
276 creatures vanquished.

Vanquished Creatures (others)
  3 fungi (Lair:2)
  4 plants
7 creatures vanquished.

Grand Total: 283 creatures vanquished

Notes
Turn   | Place    | Note
-------+----------+-------------------------------------------
     0 | D:1      | Leszczynek the Tengu Arcane Marksman began the quest for the Orb.
     0 | D:1      | Reached XP level 1. HP: 12/12 MP: 3/3
    72 | D:1      | Reached skill level 1 in Unarmed Combat
   106 | D:1      | Reached XP level 2. HP: 13/16 MP: 4/4
   278 | D:1      | Reached skill level 2 in Unarmed Combat
   472 | D:1      | Reached XP level 3. HP: 18/20 MP: 5/5
  1162 | D:2      | Noticed Terence
  1225 | D:3      | Reached skill level 1 in Maces & Flails
  1617 | D:3      | Reached skill level 2 in Maces & Flails
  1617 | D:3      | Reached XP level 4. HP: 13/25 MP: 2/6
  1837 | D:3      | Learned a level 2 spell: Slow
  2077 | D:4      | Noticed Haldmier's ghost (amateur HaSu)
  2105 | D:3      | Reached skill level 3 in Maces & Flails
  2398 | D:3      | Gained mutation: You can fly. [Tengu growth]
  2398 | D:3      | Reached XP level 5. HP: 21/29 MP: 2/7
  2492 | D:4      | Reached skill level 4 in Maces & Flails
  2898 | D:4      | Noticed an ogre
  2899 | D:4      | well
  2913 | D:3      | T A C T I C S
  2913 | D:3      | all i have to say
  3152 | D:4      | good job dying having better defensive stats than me AND summons
  3152 | D:4      | retard
  3398 | D:4      | Reached skill level 5 in Maces & Flails
  3398 | D:4      | Reached XP level 6. HP: 15/34 MP: 3/8
  3423 | D:3      | HP: 3/34 [poisoned by a worker ant]
  3431 | D:3      | HP: 2/34 [poisoned by a worker ant]
  4114 | D:4      | Reached skill level 6 in Maces & Flails
  4247 | D:4      | Noticed a phantom
  4265 | D:5      | Entered Level 5 of the Dungeon
  4266 | D:5      | ...
  4410 | D:5      | Noticed Haldmier's ghost (amateur HOGl)
  4411 | D:5      | god damn it
  4509 | D:5      | Reached skill level 2 in Shields
  4509 | D:5      | Reached XP level 7. HP: 24/38 MP: 4/9
  4630 | D:5      | Found a staircase to the Ecumenical Temple.
  4633 | D:5      | Noticed Pikel
  5052 | D:4      | Reached skill level 3 in Shields
  5786 | D:4      | Reached skill level 2 in Fighting
  6339 | D:4      | Reached skill level 4 in Shields
  6380 | D:5      | Reached skill level 7 in Maces & Flails
  6380 | D:5      | Reached XP level 8. HP: 45/45 MP: 6/10
  6946 | D:5      | Killed Pikel
  6946 | D:5      | Reached skill level 3 in Fighting
  6946 | D:5      | Reached skill level 8 in Maces & Flails
  6946 | D:5      | Reached skill level 3 in Dodging
  6946 | D:5      | HP: 3/48 [centaur/arrow (2)]
  7125 | Temple   | Entered the Ecumenical Temple
  7174 | Temple   | Became a worshipper of Uskayaw the Reveler
  7225 | D:5      | Noticed Grinder
  7229 | D:5      | Paralysed by Grinder for 6 turns
  7291 | D:6      | Reached * piety under Uskayaw
  7314 | D:6      | Reached ** piety under Uskayaw
  7318 | D:6      | Reached skill level 4 in Fighting
  7425 | D:5      | Reached XP level 9. HP: 48/52 MP: 11/11
  7464 | D:6      | Reached skill level 4 in Dodging
  7472 | D:6      | Reached *** piety under Uskayaw
  7825 | D:5      | Reached skill level 9 in Maces & Flails
  8021 | D:6      | Found a shadowy altar of Dithmenos.
  8032 | D:6      | Found a shattered altar of Ashenzari.
  8436 | D:6      | Found a radiant altar of Vehumet.
  8849 | D:6      | Reached skill level 5 in Dodging
  8855 | D:6      | Reached skill level 5 in Fighting
  8984 | D:6      | Reached skill level 10 in Maces & Flails
  9657 | D:7      | Found a stormy altar of Qazlal.
 10057 | D:6      | Reached skill level 6 in Dodging
 10085 | D:7      | Reached XP level 10. HP: 44/60 MP: 9/12
 10320 | D:8      | Found Resuimum's Magic Scroll Shoppe.
 10331 | D:8      | Bought a scroll of fear for 56 gold pieces
 10331 | D:8      | Bought a scroll of identify for 32 gold pieces
 10331 | D:8      | Bought a scroll of teleportation for 48 gold pieces
 10422 | D:8      | Found a staircase to the Lair.
 10443 | D:8      | Reached skill level 6 in Fighting
 10443 | D:8      | Reached skill level 11 in Maces & Flails
 11100 | D:8      | Found a snail-covered altar of Cheibriados.
 11492 | D:8      | d:9 unseen horror
 11740 | D:9      | in a layout with no corridors too
 11843 | D:9      | Reached skill level 1 in Invocations
 11939 | D:9      | Reached skill level 2 in Invocations
 12520 | D:9      | Reached skill level 3 in Invocations
 12891 | D:10     | Entered Level 10 of the Dungeon
 13156 | D:10     | Reached skill level 4 in Invocations
 13161 | D:10     | Reached skill level 12 in Maces & Flails
 13389 | D:10     | Reached **** piety under Uskayaw
 13391 | D:10     | Reached XP level 11. HP: 60/66 MP: 12/15
 13452 | D:10     | Reached skill level 5 in Invocations
 13576 | D:10     | Reached skill level 7 in Dodging
 13803 | D:8      | Reached ***** piety under Uskayaw
 13945 | D:10     | Found a staircase to the Orcish Mines.
 14449 | D:11     | Identified a scroll of acquirement
 14450 | D:11     | Got an encrusted longbow
 14451 | D:11     | Identified the +3 longbow of Ruination {flame, Int+3} (You acquired it on level 11 of the Dungeon)
 14463 | D:11     | Noticed a hill giant
 14471 | D:11     | Killed a hill giant
 14471 | D:11     | Reached skill level 7 in Fighting
 14957 | D:11     | Noticed a hill giant
 15569 | D:12     | Found Hip Ock's Book Emporium.
 15579 | D:12     | Reached skill level 13 in Maces & Flails
 15671 | D:12     | Noticed an unseen horror
 15685 | D:12     | Killed an unseen horror
 15729 | D:12     | Noticed a skeletal warrior
 15729 | D:12     | Noticed a skeletal warrior
 15729 | D:12     | Noticed a skeletal warrior
 15812 | Orc:1    | Entered Level 1 of the Orcish Mines
 15812 | Orc:1    | Noticed an orc high priest
 15845 | D:9      | Noticed an unseen horror
 15848 | D:9      | Killed an unseen horror
 15848 | D:9      | Reached skill level 8 in Dodging
 15927 | Lair:1   | Entered Level 1 of the Lair of Beasts
 15950 | Lair:1   | Identified the +1 leather armour of Xodarumana {rF+ Dex+5} (You found it on level 1 of the Lair of Beasts)
 16219 | Lair:1   | Reached skill level 8 in Fighting
 16428 | Lair:1   | Noticed a five-headed hydra
 16836 | Lair:1   | Reached skill level 1 in Armour
 16836 | Lair:1   | Reached XP level 12. HP: 73/73 MP: 12/16
 16859 | Lair:1   | Reached skill level 14 in Maces & Flails
 16994 | Lair:1   | Reached skill level 2 in Armour
 17725 | Lair:2   | Noticed Urug
 17726 | Lair:2   | eveninstar of distortion
 17726 | Lair:2   | cute
 17753 | Lair:2   | Cast into level 2 of the Abyss (Urug)
 17754 | Abyss:2  | THE
 17754 | Abyss:2  | FIRST
 17754 | Abyss:2  | HIT
 17799 | Abyss:2  | Noticed a starcursed mass
 17861 | Abyss:2  | Paralysed by accursed screaming for 1 turns
 17866 | Abyss:2  | Found a corrupted altar of Lugonu.
 17868 | Abyss:2  | Paralysed by accursed screaming for 1 turns
 18055 | Abyss:2  | Reached skill level 3 in Armour
 18058 | Abyss:2  | Noticed a profane servitor
 18110 | Abyss:2  | HP: 8/109 [profane servitor/demon whip of draining (9)]
 18111 | Abyss:2  | HP: 2/109 [profane servitor/demon whip of draining (6)]
 18112 | Abyss:2  | Mangled by a large abomination

Skill      XL: |  1  2  3  4  5  6  7  8  9 10 11 12 |
---------------+-------------------------------------+-----
Unarmed Combat | 1 2 |  2.7
Maces & Flails | 2 3 5 6 7 8 10 12 13 14 | 14.4
Shields        | 2 4 |  4.2
Fighting       | 2 4 5 6 8 |  8.0
Dodging        | 3 6 8 |  8.5
Invocations    | 4 5 |  5.8
Armour         | 1 3 |  3.1
Bows           | |  2.1
Spellcasting   | |  1.0
Hexes          | |  2.2

Action                   |  1- 3 |  4- 6 |  7- 9 | 10-12 || total
-------------------------+-------+-------+-------+-------++-------
Melee: Unarmed           |    34 |       |       |       ||    34
       Peck              |    14 |    19 |    83 |   105 ||   221
       Kick              |    25 |    35 |   121 |   202 ||   383
       Punch             |     2 |     2 |       |       ||     4
       Short sword       |    74 |     3 |       |       ||    77
       Mace              |       |   143 |   197 |       ||   340
       Flail             |       |       |   240 |   141 ||   381
       Morningstar       |       |       |       |   472 ||   472
 Fire: Shortbow          |    26 |       |       |       ||    26
Throw: Javelin           |       |       |     1 |     6 ||     7
       Tomahawk          |       |       |       |     1 ||     1
 Cast: Corona            |     2 |       |     1 |       ||     3
       Slow              |       |       |     2 |       ||     2
Invok: Stomp             |       |       |     2 |     1 ||     3
 Abil: Fly               |       |     8 |    29 |    42 ||    79
Evoke: Wand              |       |       |     1 |    19 ||    20
  Use: Scroll            |       |     8 |    15 |    18 ||    41
       Potion            |       |     4 |     2 |     7 ||    13
 Stab: Paralysed         |       |       |     3 |    20 ||    23
  Eat: Chunk             |     2 |     7 |    18 |    27 ||    54
       Royal jelly       |       |     1 |     1 |     1 ||     3
       Pizza             |       |     1 |       |     2 ||     3
       Fruit             |       |       |     4 |     4 ||     8
Armor: Ring mail         |    46 |    54 |    89 |   102 ||   291
       Skin              |       |    25 |       |    34 ||    59
       Leather armour    |       |       |       |     5 ||     5
Dodge: Dodged            |    67 |   106 |   284 |   318 ||   775
Block: Buckler           |       |     9 |    85 |   144 ||   238
